[Event "FICS rated blitz game"]
[Site "FICS freechess.org"]
[FICSGamesDBGameNo "20001570"]
[White "Spacefrog"]
[Black "WoodyOne"]
[WhiteElo "1314"]
[BlackElo "1447"]
[WhiteRD "na"]
[BlackRD "na"]
[TimeControl "180+0"]
[Date "1999.09.01"]
[Time "17:50:00"]
[WhiteClock "0:03:00.000"]
[BlackClock "0:03:00.000"]
[ECO "C45"]
[PlyCount "81"]
[Result "1-0"]

1. e4 e5 2. d4 exd4 3. Nf3 Nc6 4. Nxd4 Nxd4 5. Qxd4 d6 6. Bc4 Be6 7. O-O Bxc4 8. Qxc4 Nf6 9. Re1 Be7 10. Bg5 O-O 11. Bxf6 Bxf6 12. c3 a6 13. Nd2 b5 14. Qd5 Be5 15. Nf3 Re8 16. b4 Qd7 17. Re3 Qe6 18. Nxe5 dxe5 19. Qc5 Qd6 20. Qc4 Rad8 21. Qe2 Qd2 22. Qf3 f6 23. h3 Qd6 24. a4 c6 25. axb5 axb5 26. Ra6 Qd1+ 27. Qxd1 Rxd1+ 28. Kh2 Rc8 29. Ra7 Rd2 30. f3 c5 31. bxc5 Rxc5 32. Ra3 Rc2 33. Rb3 Rc4 34. Kg3 Rc5 35. Kg4 Rc4 36. Kf5 Rc5 37. f4 exf4+ 38. Kxf4 Rxg2 39. h4 Rh5 40. Rg3 Rxg3 41. Kxg3 {Black forfeits on time} 1-0

[Event "FICS rated blitz game"]
[Site "FICS freechess.org"]
[FICSGamesDBGameNo "20001569"]
[White "twinknut"]
[Black "vessoj"]
[WhiteElo "1936"]
[BlackElo "1823"]
[WhiteRD "na"]
[BlackRD "na"]
[TimeControl "180+0"]
[Date "1999.09.01"]
[Time "17:49:00"]
[WhiteClock "0:03:00.000"]
[BlackClock "0:03:00.000"]
[ECO "C35"]
[PlyCount "61"]
[Result "1-0"]

1. e4 e5 2. f4 exf4 3. Nf3 Be7 4. Bc4 Bh4+ 5. Kf1 Nc6 6. d4 Bg5 7. Nc3 d6 8. g3 Bh3+ 9. Kg1 Bg4 10. gxf4 Bh6 11. Kg2 Qf6 12. f5 Bxf3+ 13. Qxf3 Nxd4 14. Qg3 O-O-O 15. Nd5 Qe5 16. Qxe5 dxe5 17. Bd3 Nf6 18. Nxf6 Bxc1 19. Raxc1 gxf6 20. Kf2 Rdg8 21. Rhg1 Rxg1 22. Rxg1 Kd7 23. Ke3 b5 24. c3 Nc6 25. Bxb5 Kd6 26. Rd1+ Kc5 27. Ba4 Rb8 28. b4+ Kb6 29. Rd7 a5 30. Rxf7 axb4 31. Rxf6 {Black resigns} 1-0

[Event "FICS rated blitz game"]
[Site "FICS freechess.org"]
[FICSGamesDBGameNo "20001568"]
[White "Larigan"]
[Black "dexy"]
[WhiteElo "1713"]
[BlackElo "1731"]
[WhiteRD "na"]
[BlackRD "na"]
[TimeControl "300+0"]
[Date "1999.09.01"]
[Time "17:44:00"]
[WhiteClock "0:05:00.000"]
[BlackClock "0:05:00.000"]
[ECO "A40"]
[PlyCount "53"]
[Result "1-0"]

1. d4 e6 2. Nf3 f5 3. Bf4 d6 4. e3 Be7 5. Nbd2 Nf6 6. Bc4 Nc6 7. c3 d5 8. Bb3 Na5 9. Ne5 Nxb3 10. axb3 O-O 11. O-O c5 12. Ndf3 Bd7 13. Nxd7 Nxd7 14. h3 a6 15. Qe2 Rc8 16. Be5 Nxe5 17. Nxe5 Bd6 18. f4 Bxe5 19. dxe5 Qb6 20. Ra3 Rfd8 21. Kh2 d4 22. Rf3 dxe3 23. Qxe3 Rd5 24. b4 Rcd8 25. c4 Rd2 26. Rb3 cxb4 27. Qxb6 {Black resigns} 1-0

[Event "FICS rated standard game"]
[Site "FICS freechess.org"]
[FICSGamesDBGameNo "20001567"]
[White "LitEyes"]
[Black "floody"]
[WhiteElo "1609"]
[BlackElo "1713"]
[WhiteRD "na"]
[BlackRD "na"]
[TimeControl "2400+12"]
[Date "1999.09.01"]
[Time "17:05:00"]
[WhiteClock "0:40:00.000"]
[BlackClock "0:40:00.000"]
[ECO "C01"]
[PlyCount "58"]
[Result "0-1"]

1. e4 e6 2. d4 d5 3. exd5 exd5 4. Bd3 Nc6 5. c3 Bd6 6. Nf3 Bg4 7. Nbd2 Nge7 8. O-O Qd7 9. Re1 O-O-O 10. b4 Ng6 11. a4 Nf4 12. Bf1 Rde8 13. a5 Rxe1 14. Qxe1 Re8 15. Qd1 Qe6 16. b5 Nb8 17. b6 a6 18. bxc7 Bxc7 19. g3 Ne2+ 20. Kh1 Nxc3 21. Qb3 Ne4 22. Rb1 Qc6 23. Ba3 Nxf2+ 24. Kg2 Ne4 25. Ne5 Bxe5 26. Rc1 Nxd2 27. Rxc6+ Nxc6 28. Qc2 Nxf1 29. dxe5 Ne3+ {White resigns} 0-1

[Event "FICS rated blitz game"]
[Site "FICS freechess.org"]
[FICSGamesDBGameNo "20001566"]
[White "Seagaard"]
[Black "CanniBanni"]
[WhiteElo "2058"]
[BlackElo "1981"]
[WhiteRD "na"]
[BlackRD "na"]
[TimeControl "180+0"]
[Date "1999.09.01"]
[Time "16:48:00"]
[WhiteClock "0:03:00.000"]
[BlackClock "0:03:00.000"]
[ECO "A00"]
[PlyCount "91"]
[Result "0-1"]

1. g3 c6 2. Bg2 d6 3. d3 Nd7 4. Nc3 Qc7 5. e4 Ngf6 6. Nf3 e5 7. O-O Be7 8. h3 h6 9. Be3 Nf8 10. Nh4 Ng6 11. Nxg6 fxg6 12. f4 O-O 13. Qd2 Nh5 14. Kh2 exf4 15. gxf4 Bh4 16. Ne2 Bd7 17. Bf3 Rae8 18. Bxh5 gxh5 19. Rg1 Kh7 20. Ng3 Bxg3+ 21. Rxg3 Rf7 22. Rag1 d5 23. e5 Bf5 24. Qg2 Re6 25. Bc5 g6 26. Bd6 Qa5 27. a3 Qb6 28. Bb4 c5 29. Bc3 d4 30. Be1 Qxb2 31. a4 Qa3 32. h4 Qxa4 33. Qf3 Qc6 34. Qxc6 Rxc6 35. R3g2 b5 36. Kg3 c4 37. Kf3 cxd3 38. cxd3 Bxd3 39. Kg3 Bf5 40. Rb2 d3 41. Rxb5 Rc2 42. Kf3 d2 43. Bxd2 Rxd2 44. Ke3 Rd3+ 45. Ke2 Rd2+ 46. Ke3 {White forfeits on time} 0-1

[Event "FICS rated blitz game"]
[Site "FICS freechess.org"]
[FICSGamesDBGameNo "20001565"]
[White "appollo"]
[Black "TorErik"]
[WhiteElo "1330"]
[BlackElo "1302"]
[WhiteRD "na"]
[BlackRD "na"]
[TimeControl "300+0"]
[Date "1999.09.01"]
[Time "15:56:00"]
[WhiteClock "0:05:00.000"]
[BlackClock "0:05:00.000"]
[ECO "B03"]
[PlyCount "90"]
[Result "0-1"]

1. e4 Nf6 2. e5 Nd5 3. d4 e6 4. Bc4 c6 5. Nf3 Nb6 6. Qe2 Bb4+ 7. c3 Be7 8. O-O d6 9. exd6 Bxd6 10. Ne5 O-O 11. Bb3 Qc7 12. Qg4 f6 13. Nf3 f5 14. Qh5 Rf6 15. Ng5 Rh6 16. Nxe6 Bxh2+ 17. Kh1 Rxh5 18. Nxc7+ Kf8 19. Nxa8 Bf4+ 20. Kg1 Bh2+ 21. Kh1 Nxa8 22. g3 Bxg3+ 23. Kg2 Bd6 24. Rh1 Rg5+ 25. Kf1 Rg6 26. Rxh7 Ke7 27. Nd2 f4 28. Nf3 Bg4 29. Ke2 Nb6 30. Bc2 Re6+ 31. Kf1 Bxf3 32. Rxg7+ Kf8 33. Rxb7 N8d7 34. Rxa7 Re2 35. Ra8+ Nxa8 36. Bd1 Re6 37. Bxf3 Rh6 38. Kg2 Nc7 39. Bd2 Nf6 40. Bxc6 Rg6+ 41. Kf1 f3 42. Re1 Ncd5 43. Bxd5 Nxd5 44. Re4 Bh2 45. Bh6+ Kf7 {White forfeits on time} 0-1

[Event "FICS rated blitz game"]
[Site "FICS freechess.org"]
[FICSGamesDBGameNo "20001564"]
[White "eisenfaust"]
[Black "Hasdrubal"]
[WhiteElo "1564"]
[BlackElo "1771"]
[WhiteRD "na"]
[BlackRD "na"]
[TimeControl "300+0"]
[Date "1999.09.01"]
[Time "15:25:00"]
[WhiteClock "0:05:00.000"]
[BlackClock "0:05:00.000"]
[ECO "C30"]
[PlyCount "72"]
[Result "0-1"]

1. e4 e5 2. f4 Bc5 3. Nf3 d6 4. Bc4 Nc6 5. c3 Nf6 6. Qe2 O-O 7. fxe5 dxe5 8. d3 Ng4 9. Rf1 Nxh2 10. Nxh2 Qh4+ 11. Kd1 Qxh2 12. Na3 h5 13. Nb5 Bg4 14. Rf3 Bxf3 15. Qxf3 Bb6 16. Bg5 a6 17. Na3 Na5 18. Kc2 Nxc4 19. Nxc4 f6 20. Bd2 Qh4 21. Nxb6 cxb6 22. g3 Qg4 23. Qf2 b5 24. Rh1 Rfd8 25. Rh4 Qg6 26. Qf3 Kf7 27. Rxh5 Rh8 28. Rxe5 Rh2 29. Rd5 Qh6 30. Kb3 Rxd2 31. e5 Kg8 32. exf6 Qxf6 33. Rf5 Qe6+ 34. Ka3 b4+ 35. Kxb4 Rxb2+ 36. Ka3 Qxa2# {White checkmated} 0-1

[Event "FICS rated blitz game"]
[Site "FICS freechess.org"]
[FICSGamesDBGameNo "20001563"]
[White "Sali"]
[Black "Green"]
[WhiteElo "1516"]
[BlackElo "1527"]
[WhiteRD "na"]
[BlackRD "na"]
[TimeControl "300+0"]
[Date "1999.09.01"]
[Time "15:00:00"]
[WhiteClock "0:05:00.000"]
[BlackClock "0:05:00.000"]
[ECO "B07"]
[PlyCount "91"]
[Result "1-0"]

1. e4 d6 2. Nf3 Nf6 3. Nc3 g6 4. Bc4 Bg7 5. d3 O-O 6. O-O c6 7. h3 a5 8. a3 b5 9. Ba2 b4 10. axb4 axb4 11. Bxf7+ Kxf7 12. Rxa8 Bb7 13. Ra7 Qb6 14. Rxb7 Qxb7 15. Ne2 Nbd7 16. b3 Nh5 17. Nf4 Nxf4 18. Bxf4 Kg8 19. Bh2 e5 20. Ng5 Rf6 21. f4 exf4 22. Rxf4 Rxf4 23. Bxf4 Bd4+ 24. Kh2 Ne5 25. Ne6 Bc3 26. d4 Qf7 27. dxe5 Qxe6 28. Qxd6 Qf7 29. e6 Qf8 30. e7 Qe8 31. Qd8 Kf7 32. Bd6 Bd2 33. e5 Bf4+ 34. g3 Bxe5 35. Bxe5 Qxe7 36. Qxe7+ Kxe7 37. Kg2 Ke6 38. Bf4 Kd5 39. Be3 c5 40. Kf3 c4 41. Ke2 cxb3 42. cxb3 Ke4 43. Bc5 g5 44. Bxb4 h6 45. Bf8 h5 46. b4 {Black forfeits on time} 1-0

[Event "FICS rated lightning game"]
[Site "FICS freechess.org"]
[FICSGamesDBGameNo "20001562"]
[White "opy"]
[Black "Wortley"]
[WhiteElo "1571"]
[BlackElo "1361"]
[WhiteRD "na"]
[BlackRD "na"]
[TimeControl "120+0"]
[Date "1999.09.01"]
[Time "13:24:00"]
[WhiteClock "0:02:00.000"]
[BlackClock "0:02:00.000"]
[ECO "C41"]
[PlyCount "77"]
[Result "1-0"]

1. e4 e5 2. Nf3 d6 3. Bc4 h6 4. d4 exd4 5. Nxd4 Bd7 6. O-O a6 7. Nc3 Nf6 8. Bd3 Be7 9. Nce2 O-O 10. c3 d5 11. e5 Ne4 12. f3 Ng5 13. Bc2 c5 14. Nf5 Bxf5 15. Bxf5 c4 16. Nd4 Bc5 17. Bc2 Ne6 18. Kh1 Bxd4 19. cxd4 Qh4 20. Be3 Nc6 21. b3 cxb3 22. Bxb3 Nf4 23. g3 Qh3 24. gxf4 Nb4 25. Rg1 Rfc8 26. Qf1 Qh4 27. Qg2 g6 28. f5 g5 29. f4 g4 30. h3 g3 31. Qxg3+ Qxg3 32. Rxg3+ Kf8 33. e6 fxe6 34. fxe6 Ke7 35. f5 Nd3 36. Bxh6 Kf6 37. Rf1 Nb2 38. Bg5+ Kg7 39. f6+ {Black resigns} 1-0

[Event "FICS rated lightning game"]
[Site "FICS freechess.org"]
[FICSGamesDBGameNo "20001561"]
[White "Potson"]
[Black "Ulisse"]
[WhiteElo "1720"]
[BlackElo "1832"]
[WhiteRD "na"]
[BlackRD "na"]
[TimeControl "60+0"]
[Date "1999.09.01"]
[Time "12:35:00"]
[WhiteClock "0:01:00.000"]
[BlackClock "0:01:00.000"]
[ECO "A16"]
[PlyCount "70"]
[Result "1/2-1/2"]

1. g3 g6 2. Bg2 Bg7 3. Nf3 d6 4. c4 Nf6 5. Nc3 O-O 6. O-O c6 7. d3 Bg4 8. Rb1 Qc8 9. b4 Bh3 10. Bh1 Bxf1 11. Qxf1 Nbd7 12. Bd2 e5 13. b5 d5 14. bxc6 bxc6 15. cxd5 cxd5 16. Ne1 Rb8 17. Rxb8 Qxb8 18. Nxd5 Nxd5 19. Bxd5 Nf6 20. Bb3 Rc8 21. Nf3 Qc7 22. Kg2 e4 23. Ng5 exd3 24. Nxf7 Kf8 25. exd3 Rb8 26. Qe1 Rxb3 27. Ng5 Qc6+ 28. Kg1 Rxd3 29. Ne6+ Kf7 30. Ng5+ Kg8 31. Be3 Qd7 32. Qa5 h6 33. Nf3 Rd1+ 34. Kg2 Qd5 35. Qa6 g5 {Game drawn because both players ran out of time} 1/2-1/2

[Event "FICS rated blitz game"]
[Site "FICS freechess.org"]
[FICSGamesDBGameNo "20001559"]
[White "wis"]
[Black "Gery"]
[WhiteElo "2005"]
[BlackElo "1993"]
[WhiteRD "na"]
[BlackRD "na"]
[TimeControl "240+0"]
[Date "1999.09.01"]
[Time "11:22:00"]
[WhiteClock "0:04:00.000"]
[BlackClock "0:04:00.000"]
[ECO "B11"]
[PlyCount "90"]
[Result "0-1"]

1. e4 c6 2. Nf3 d5 3. Nc3 Bg4 4. h3 Bxf3 5. Qxf3 Nf6 6. e5 Nfd7 7. Qg3 e6 8. d4 c5 9. dxc5 Nc6 10. Bb5 Nxc5 11. Be3 g6 12. O-O-O Qa5 13. h4 h5 14. Bd2 Qc7 15. f4 O-O-O 16. Ne2 Ne4 17. Qb3 Nf2 18. Be3 Nxh1 19. Rxh1 Kb8 20. Bxc6 Qxc6 21. Nd4 Qc4 22. Qxc4 dxc4 23. Rd1 Bc5 24. Nc6+ bxc6 25. Bxc5 Rxd1+ 26. Kxd1 Kc8 27. Bd6 Kd7 28. Kd2 Rc8 29. Kc3 c5 30. Kxc4 Kc6 31. Bxc5 Rb8 32. b4 a6 33. a4 Rd8 34. Bd6 Rd7 35. Kd4 Rb7 36. c4 Kd7 37. b5 axb5 38. axb5 Ra7 39. Kc3 Ra1 40. b6 Kc6 41. c5 Rg1 42. Kb4 Rxg2 43. Ka5 Rg4 44. Ka6 Rg1 45. b7 Ra1# {White checkmated} 0-1

[Event "FICS rated blitz game"]
[Site "FICS freechess.org"]
[FICSGamesDBGameNo "20001558"]
[White "Warthog"]
[Black "makedraw"]
[WhiteElo "1717"]
[BlackElo "1721"]
[WhiteRD "na"]
[BlackRD "na"]
[TimeControl "120+12"]
[Date "1999.09.01"]
[Time "10:43:00"]
[WhiteClock "0:02:00.000"]
[BlackClock "0:02:00.000"]
[ECO "A65"]
[PlyCount "78"]
[Result "0-1"]

1. d4 Nf6 2. c4 c5 3. d5 e6 4. Nc3 exd5 5. cxd5 d6 6. e4 g6 7. Bg5 Bg7 8. f4 O-O 9. Nf3 Re8 10. Bd3 Bg4 11. O-O Bxf3 12. Qxf3 a6 13. Rae1 Nbd7 14. Kh1 Qc7 15. Re3 b5 16. Rfe1 h6 17. Bh4 b4 18. Nd1 c4 19. Bb1 h5 20. Bg3 Ng4 21. R3e2 Rac8 22. h3 Nh6 23. Kh2 c3 24. bxc3 bxc3 25. Rc2 Qa5 26. Re3 Qb4 27. Nxc3 Rxc3 28. Rexc3 Bxc3 29. Rxc3 Qxb1 30. Rc7 Nc5 31. e5 Nf5 32. exd6 Nxd6 33. Rxc5 Qxa2 34. Rc6 Nf5 35. Bf2 Re2 36. Qc3 Ng7 37. Qxg7+ Kxg7 38. Bd4+ Kf8 39. Bc5+ Ke8 {White resigns} 0-1

[Event "FICS rated blitz game"]
[Site "FICS freechess.org"]
[FICSGamesDBGameNo "20001557"]
[White "dalius"]
[Black "gais"]
[WhiteElo "1500"]
[BlackElo "1279"]
[WhiteRD "na"]
[BlackRD "na"]
[TimeControl "180+0"]
[Date "1999.09.01"]
[Time "10:03:00"]
[WhiteClock "0:03:00.000"]
[BlackClock "0:03:00.000"]
[ECO "A18"]
[PlyCount "81"]
[Result "0-1"]

1. d4 e6 2. c4 Nf6 3. Nc3 d6 4. e4 Be7 5. Bg5 O-O 6. Nf3 h6 7. Be3 a6 8. Qd2 Nc6 9. Bxh6 gxh6 10. Qxh6 Nh7 11. Bd3 f5 12. exf5 exf5 13. Nd5 Bg5 14. Qh5 Qe8+ 15. Qxe8 Rxe8+ 16. Kd1 Be6 17. Nxc7 Rab8 18. Nxe8 Rxe8 19. d5 Ne5 20. Nxe5 dxe5 21. dxe6 e4 22. Bc2 Rxe6 23. Bb3 Rd6+ 24. Ke2 Rd2+ 25. Kf1 Rxb2 26. g3 Nf6 27. Rd1 Kg7 28. Kg2 Nh5 29. Rd7+ Kf6 30. Rxb7 Ke5 31. Rh7 Nf6 32. Ra7 Ng4 33. Rf1 Be3 34. h3 Nxf2 35. Rxf2 Rxf2+ 36. Kh1 Rf3 37. g4 fxg4 38. hxg4 Rh3+ 39. Kg2 Rh4 40. Rxa6 Rxg4+ 41. Kh3 {White forfeits on time} 0-1

[Event "FICS rated blitz game"]
[Site "FICS freechess.org"]
[FICSGamesDBGameNo "20001556"]
[White "fastmat"]
[Black "ojs"]
[WhiteElo "1474"]
[BlackElo "1572"]
[WhiteRD "na"]
[BlackRD "na"]
[TimeControl "180+0"]
[Date "1999.09.01"]
[Time "08:48:00"]
[WhiteClock "0:03:00.000"]
[BlackClock "0:03:00.000"]
[ECO "B23"]
[PlyCount "54"]
[Result "0-1"]

1. e4 c5 2. Nc3 Nc6 3. d3 Nd4 4. Nge2 e5 5. Nd5 Ne7 6. c3 Nxe2 7. Qxe2 Nxd5 8. exd5 d6 9. f4 f6 10. fxe5 fxe5 11. Bd2 Be7 12. O-O-O Bf6 13. g4 Bg5 14. h4 Bxd2+ 15. Rxd2 Qa5 16. a3 Bd7 17. Qf2 Rf8 18. Qg3 O-O-O 19. Bg2 Rf4 20. g5 Rdf8 21. Bh3 Bxh3 22. Qxh3+ Kb8 23. Qd7 Qa4 24. Qxd6+ Ka8 25. Qxe5 Rf1+ 26. Rxf1 Rxf1+ 27. Rd1 Qxd1# {White checkmated} 0-1

[Event "FICS rated lightning game"]
[Site "FICS freechess.org"]
[FICSGamesDBGameNo "20001555"]
[White "oceandeep"]
[Black "Bogoljubov"]
[WhiteElo "1645"]
[BlackElo "1963"]
[WhiteRD "na"]
[BlackRD "na"]
[TimeControl "120+0"]
[Date "1999.09.01"]
[Time "08:39:00"]
[WhiteClock "0:02:00.000"]
[BlackClock "0:02:00.000"]
[ECO "B32"]
[PlyCount "76"]
[Result "0-1"]

1. e4 c5 2. Nf3 Nc6 3. d4 cxd4 4. Nxd4 e5 5. Nb5 a6 6. Nd6+ Bxd6 7. Qxd6 Qf6 8. Qd2 Qg6 9. f3 d5 10. exd5 Nb4 11. Na3 a5 12. c3 Na6 13. Bd3 f5 14. Nb5 Nh6 15. Qg5 O-O 16. Qxg6 hxg6 17. Bxh6 gxh6 18. O-O-O Nc5 19. b4 axb4 20. cxb4 Nxd3+ 21. Rxd3 Rxa2 22. Re1 Bd7 23. Nd6 Rfa8 24. Rxe5 Rxg2 25. Rd2 Ra1+ 26. Kb2 Rxd2+ 27. Kxa1 Rg2 28. Re7 Ba4 29. Rxb7 Bb3 30. Rb5 Rc2 31. Nb7 Rxh2 32. d6 Rd2 33. Rb6 h5 34. Nc5 Bf7 35. d7 h4 36. Nb3 Rxd7 37. Nc5 Rd2 38. Rxg6+ Bxg6 {White resigns} 0-1

[Event "FICS rated blitz game"]
[Site "FICS freechess.org"]
[FICSGamesDBGameNo "20001554"]
[White "wbn"]
[Black "firestorm"]
[WhiteElo "1601"]
[BlackElo "1680"]
[WhiteRD "na"]
[BlackRD "na"]
[TimeControl "180+0"]
[Date "1999.09.01"]
[Time "08:07:00"]
[WhiteClock "0:03:00.000"]
[BlackClock "0:03:00.000"]
[ECO "C61"]
[PlyCount "44"]
[Result "0-1"]

1. e4 e5 2. Nf3 Nc6 3. Bb5 Nd4 4. Nxd4 exd4 5. O-O c6 6. Bc4 Ne7 7. Qf3 d5 8. exd5 Nxd5 9. d3 Be7 10. Re1 O-O 11. Bxd5 cxd5 12. Nd2 Bd6 13. Nb3 Qh4 14. g3 Qh3 15. Nxd4 Bg4 16. Qxd5 Rad8 17. Qe4 f5 18. Qe6+ Kh8 19. c3 f4 20. Qe4 f3 21. Nxf3 Bxf3 22. Qh4 Qg2# {White checkmated} 0-1

[Event "FICS rated lightning game"]
[Site "FICS freechess.org"]
[FICSGamesDBGameNo "20001552"]
[White "Nobby"]
[Black "buris"]
[WhiteElo "1515"]
[BlackElo "1670"]
[WhiteRD "na"]
[BlackRD "na"]
[TimeControl "120+0"]
[Date "1999.09.01"]
[Time "05:49:00"]
[WhiteClock "0:02:00.000"]
[BlackClock "0:02:00.000"]
[ECO "D93"]
[PlyCount "38"]
[Result "0-1"]

1. d4 Nf6 2. Nf3 g6 3. Bf4 Bg7 4. e3 O-O 5. c4 d5 6. Nc3 a5 7. Rc1 Na6 8. a3 Bg4 9. h3 Bxf3 10. Qxf3 dxc4 11. Bxc4 c5 12. d5 Qb6 13. Qe2 Rad8 14. O-O Nc7 15. e4 Nh5 16. Bh2 Bd4 17. Kh1 Qf6 18. f4 Bxc3 19. Rxc3 Qd4 {White forfeits on time} 0-1

[Event "FICS rated blitz game"]
[Site "FICS freechess.org"]
[FICSGamesDBGameNo "20001551"]
[White "Crazyguy"]
[Black "chauncy"]
[WhiteElo "1705"]
[BlackElo "1667"]
[WhiteRD "na"]
[BlackRD "na"]
[TimeControl "180+0"]
[Date "1999.08.31"]
[Time "23:37:00"]
[WhiteClock "0:03:00.000"]
[BlackClock "0:03:00.000"]
[ECO "C13"]
[PlyCount "102"]
[Result "0-1"]

1. d4 Nf6 2. Nc3 e6 3. Bg5 d5 4. e4 Be7 5. e5 Ne4 6. Bxe7 Nxc3 7. Bxd8 Nxd1 8. Bxc7 Nxb2 9. Rb1 Nc4 10. Bxc4 dxc4 11. Nf3 Nc6 12. Bd6 b6 13. c3 Bb7 14. O-O Nb8 15. a4 Nc6 16. Nd2 Na5 17. f4 Bd5 18. f5 Kd7 19. fxe6+ Bxe6 20. Ne4 Rac8 21. Ng5 Ke8 22. Nxe6 fxe6 23. Rf2 Nb3 24. Rbf1 Kd7 25. Rf7+ Kc6 26. Rxa7 Ra8 27. Rff7 Rxa7 28. Rxa7 b5 29. axb5+ Kxb5 30. Rxg7 h5 31. Rg6 Nd2 32. Rxe6 Ne4 33. Bb4 Ra8 34. h3 Ra1+ 35. Kh2 Rc1 36. d5 Nxc3 37. Bxc3 Rxc3 38. Rc6 Rd3 39. d6 Kxc6 40. d7 Rxd7 41. h4 Re7 42. Kg3 Rxe5 43. Kf4 Kd5 44. Kf3 c3 45. Kg3 c2 46. Kf3 c1=Q 47. Kg3 Qe3+ 48. Kh2 Re4 49. Kh1 Rg4 50. Kh2 Qf2 51. Kh3 Qxg2# {White checkmated} 0-1

[Event "FICS rated blitz game"]
[Site "FICS freechess.org"]
[FICSGamesDBGameNo "20001549"]
[White "Marthi"]
[Black "puddaman"]
[WhiteElo "1646"]
[BlackElo "1248"]
[WhiteRD "na"]
[BlackRD "na"]
[TimeControl "120+8"]
[Date "1999.08.31"]
[Time "19:57:00"]
[WhiteClock "0:02:00.000"]
[BlackClock "0:02:00.000"]
[ECO "A57"]
[PlyCount "28"]
[Result "0-1"]

1. d4 Nf6 2. c4 c5 3. d5 b5 4. cxb5 a6 5. Nc3 g6 6. e3 Bg7 7. Nf3 O-O 8. bxa6 Bxa6 9. Bxa6 Nxa6 10. O-O Nb4 11. a3 Na6 12. e4 d6 13. Bf4 Nd7 14. Qe2 Qa5 {White forfeits on time} 0-1

[Event "FICS rated blitz game"]
[Site "FICS freechess.org"]
[FICSGamesDBGameNo "20001547"]
[White "RandomMoves"]
[Black "peepBlue"]
[WhiteElo "1564"]
[BlackElo "1385"]
[WhiteRD "na"]
[BlackRD "na"]
[TimeControl "360+0"]
[Date "1999.08.31"]
[Time "16:16:00"]
[WhiteClock "0:06:00.000"]
[BlackClock "0:06:00.000"]
[ECO "B13"]
[PlyCount "55"]
[Result "1-0"]

1. e4 c6 2. d4 d5 3. exd5 cxd5 4. Bd3 Nf6 5. c3 Nc6 6. Bf4 Bg4 7. Qb3 Qd7 8. Nd2 e6 9. Ngf3 Bxf3 10. Nxf3 Be7 11. O-O O-O 12. h3 Ne4 13. Rfe1 f5 14. a4 b6 15. Rac1 Na5 16. Qd1 Rac8 17. Ba6 Ra8 18. Ne5 Qe8 19. Bb5 Qd8 20. b4 Nb7 21. Nc6 Qe8 22. Nxa7 Qg6 23. Nc6 Bh4 24. Ne5 Bxf2+ 25. Kh1 Ng3+ 26. Bxg3 Qxg3 27. Rf1 Nd6 28. Qf3 {Black forfeits on time} 1-0

[Event "FICS rated standard game"]
[Site "FICS freechess.org"]
[FICSGamesDBGameNo "20001546"]
[White "taek"]
[Black "crispee"]
[WhiteElo "1518"]
[BlackElo "1533"]
[WhiteRD "na"]
[BlackRD "na"]
[TimeControl "720+10"]
[Date "1999.08.31"]
[Time "16:08:00"]
[WhiteClock "0:12:00.000"]
[BlackClock "0:12:00.000"]
[ECO "C02"]
[PlyCount "50"]
[Result "0-1"]

1. e4 e6 2. d4 d5 3. e5 c5 4. c3 Nc6 5. Nf3 Qb6 6. Bd3 Bd7 7. Nbd2 cxd4 8. cxd4 Nxd4 9. Nxd4 Qxd4 10. Nf3 Qb6 11. O-O Ne7 12. b3 Nc6 13. Bb2 g6 14. Qe1 Bg7 15. Qe2 O-O 16. Bb5 Nb8 17. Bd4 Qxb5 18. Qxb5 Bxb5 19. Rfc1 Nc6 20. Bb2 Rac8 21. a4 Be2 22. Ba3 Rfd8 23. Re1 Bxf3 24. gxf3 Nxe5 25. f4 Nf3+ {White resigns} 0-1

[Event "FICS rated blitz game"]
[Site "FICS freechess.org"]
[FICSGamesDBGameNo "20001544"]
[White "Control"]
[Black "tuttu"]
[WhiteElo "1748"]
[BlackElo "1821"]
[WhiteRD "na"]
[BlackRD "na"]
[TimeControl "180+0"]
[Date "1999.08.31"]
[Time "13:48:00"]
[WhiteClock "0:03:00.000"]
[BlackClock "0:03:00.000"]
[ECO "C31"]
[PlyCount "92"]
[Result "0-1"]

1. e4 e5 2. f4 d5 3. exd5 c6 4. Nf3 exf4 5. dxc6 Nxc6 6. Bb5 Bd6 7. Bxc6+ bxc6 8. O-O Ne7 9. d4 O-O 10. c4 Ng6 11. Nc3 Bg4 12. Ne4 Bc7 13. Qa4 Bxf3 14. Rxf3 Qxd4+ 15. Nf2 Rae8 16. Qd1 Qxd1+ 17. Nxd1 Bb6+ 18. Kf1 Re4 19. Bd2 Rfe8 20. Nc3 Rxc4 21. Re1 Rxe1+ 22. Kxe1 f6 23. Ke2 Kf7 24. Kd3 Ne5+ 25. Kc2 Nxf3 26. gxf3 Be3 27. Bxe3 fxe3 28. Kd3 e2 29. Kxe2 Rb4 30. b3 Ke6 31. Ne4 Rxe4+ 32. fxe4 Ke5 33. Ke3 g5 34. b4 a6 35. a4 h6 36. h3 h5 37. Kd3 g4 38. Kc4 g3 39. Kc5 g2 40. Kxc6 g1=Q 41. b5 axb5 42. axb5 Qc1+ 43. Kb7 Kd6 44. b6 Qc5 45. Ka6 Kc6 46. b7 Qb5+ {White resigns} 0-1

[Event "FICS rated blitz game"]
[Site "FICS freechess.org"]
[FICSGamesDBGameNo "20001543"]
[White "pastene"]
[Black "cfv"]
[WhiteElo "1086"]
[BlackElo "1183"]
[WhiteRD "na"]
[BlackRD "na"]
[TimeControl "120+12"]
[Date "1999.08.31"]
[Time "13:44:00"]
[WhiteClock "0:02:00.000"]
[BlackClock "0:02:00.000"]
[ECO "C41"]
[PlyCount "141"]
[Result "1-0"]

1. e4 e5 2. Nf3 d6 3. Bc4 g6 4. d3 Bg7 5. Ng5 f6 6. Nf7 Qd7 7. Nxh8 Bxh8 8. Bxg8 c6 9. Bb3 d5 10. Nc3 d4 11. Ne2 Na6 12. O-O Bg7 13. Ng3 Bf8 14. a3 Nc5 15. Bc4 b5 16. Ba2 Na4 17. Re1 Qg4 18. Qxg4 Bxg4 19. h3 Bd7 20. f4 exf4 21. Bxf4 g5 22. Bc7 Nxb2 23. Rab1 Bxa3 24. Rf1 Na4 25. Rxf6 Nc3 26. Bf7+ Ke7 27. Rbf1 Rc8 28. Bd6+ Kd8 29. Bxa3 a5 30. Bc5 Na4 31. Bxd4 c5 32. Ra1 Nb6 33. Bc3 b4 34. Be5 Rc6 35. Rxc6 Bxc6 36. Rxa5 Nd7 37. Bb2 Ke7 38. Bb3 Nb8 39. Rxc5 Bd7 40. Rc7 Na6 41. Ra7 Nc5 42. Nf5+ Kd8 43. Bf7 Ba4 44. d4 Nxe4 45. c3 Bd7 46. Ng7 bxc3 47. Bxc3 Nxc3 48. Ne6+ Ke7 49. Nxg5 Nb5 50. Rb7 Nxd4 51. Nxh7 Nf5 52. Bg6 Nd6 53. Ra7 Kd8 54. Ra8+ Kc7 55. Ra7+ Nb7 56. Be4 Bc6 57. Bxc6 Kxc6 58. h4 Nd6 59. h5 Nf5 60. Nf6 Kd6 61. Ra6+ Ke5 62. g4 Nh6 63. g5 Nf5 64. h6 Ne7 65. h7 Ng6 66. Ra8 Kf5 67. h8=Q Nxh8 68. Rxh8 Kxg5 69. Ne4+ Kg6 70. Rf8 Kg7 71. Rf1 {Black resigns} 1-0

[Event "FICS rated blitz game"]
[Site "FICS freechess.org"]
[FICSGamesDBGameNo "20001542"]
[White "Blueagle"]
[Black "Damjan"]
[WhiteElo "1933"]
[BlackElo "1929"]
[WhiteRD "na"]
[BlackRD "na"]
[TimeControl "240+0"]
[Date "1999.08.31"]
[Time "13:43:00"]
[WhiteClock "0:04:00.000"]
[BlackClock "0:04:00.000"]
[ECO "B23"]
[PlyCount "26"]
[Result "1-0"]

1. e4 c5 2. Nc3 e6 3. f4 d5 4. Nf3 Nc6 5. Bb5 dxe4 6. Bxc6+ bxc6 7. Nxe4 Nf6 8. Qe2 a5 9. c4 Be7 10. O-O O-O 11. d3 Qd7 12. Ne5 Qd4+ 13. Be3 Qxb2 {Black resigns} 1-0

[Event "FICS rated blitz game"]
[Site "FICS freechess.org"]
[FICSGamesDBGameNo "20001541"]
[White "PeterI"]
[Black "Northerlight"]
[WhiteElo "1014"]
[BlackElo "1242"]
[WhiteRD "na"]
[BlackRD "na"]
[TimeControl "240+10"]
[Date "1999.08.31"]
[Time "11:23:00"]
[WhiteClock "0:04:00.000"]
[BlackClock "0:04:00.000"]
[ECO "D00"]
[PlyCount "50"]
[Result "0-1"]

1. d4 d5 2. e3 Bf5 3. Nc3 Nf6 4. Nf3 Nc6 5. Be2 e6 6. O-O Nd7 7. g3 f6 8. Bd2 Bb4 9. a3 Be7 10. Bd3 g6 11. e4 Bg4 12. Be2 dxe4 13. Nxe4 Nb6 14. d5 exd5 15. Nc3 Qd7 16. Bh6 g5 17. Qd3 O-O-O 18. Nd4 Nxd4 19. Nb5 Nxe2+ 20. Kg2 Bh3+ 21. Kf3 Bg4+ 22. Ke3 Bc5+ 23. Kd2 Nc4+ 24. Ke1 Rhe8 25. Qxh7 Nc3+ {White resigns} 0-1